 Dungeon Crawl Stone Soup version 0.30-a0-610-gb513c0a51f (webtiles) character file.

Game seed: 11199625170862715378

111 BaabKaare the Conjurer (level 5, -3/35 HPs)
             Began as a Human Conjurer on Jan 8, 2023.
             Killed by nerve-wracking pain
             ... invoked by an orc priest
              (7 damage)
             ... on level 4 of the Dungeon.
             The game lasted 00:14:03 (3340 turns).

BaabKaare the Conjurer (Human Conjurer)             Turns: 3340, Time: 00:14:04

Health: -3/35      AC:  2    Str:  7    XL:     5   Next: 15%
Magic:  7/9        EV: 13    Int: 21    God:
Gold:   95         SH:  0    Dex: 19    Spells: 6/9 levels left

rFire   . . .      SeeInvis .    m - +10 war axe of Darkness {flame, rN+ Dex+2}
rCold   . . .      Faith    .    (no shield)
rNeg    + . .      Spirit   .    a - +0 robe
rPois   +          Reflect  .    (no helmet)
rElec   .          Harm     .    (no cloak)
rCorr   .          Rampage  .    (no gloves)
Will    .....                    (no boots)
Stlth   ++                       (no amulet)
HPRegen 0.25/turn                e - ring of poison resistance
MPRegen 0.11/turn                d - +6 ring of dexterity

@: no status effects
A: no striking features
a: no special abilities


You were on level 4 of the Dungeon.
You visited 1 branch of the dungeon, and saw 4 of its levels.

You collected 95 gold pieces.

Inventory:

Hand Weapons
 f - a +0 club
 m - the +10 war axe of Darkness (weapon) {flame, rN+ Dex+2}
   (You found it on level 3 of the Dungeon)

   Dex:       It affects your dexterity (+2).
   rN:        It protects you from negative energy.
Armour
 a - a +0 robe (worn)
Jewellery
 d - a +6 ring of dexterity (right hand)
 e - a ring of poison resistance (left hand)
Scrolls
 c - 2 scrolls of vulnerability
 h - a scroll of poison
 i - a scroll of fog {unknown}
 j - 2 scrolls of teleportation
 l - 2 scrolls of noise
 q - a scroll of identify
Potions
 b - a potion of magic
 g - a potion of berserk rage
 k - 4 potions of haste
 n - 2 potions of curing {unknown}
 o - a potion of mutation {unknown}
 p - a potion of heal wounds {unknown}


   Skills:
 * Level 0.1 Axes
 + Level 2.3 Dodging
 + Level 2.3 Stealth
 + Level 0.1 Unarmed Combat
 + Level 2.9 Spellcasting
 + Level 5.2 Conjurations


You had 6 spell levels left.
You knew the following spells:

 Your Spells              Type           Power      Damage    Failure   Level
a - Magic Dart            Conj           100%       1d8       1%          1
b - Searing Ray           Conj           50%        2d6       2%          2

Your spell library contained the following spells:

 Spells                   Type           Power      Damage    Failure   Level
 Slow                     Hex            12%        N/A       14%         1
 Dazzling Flash           Conj/Hex       28%        N/A       14%         3
 Confusing Touch          Hex            3%         N/A       38%         3
 Vampiric Draining        Necr           3%         2d6       38%         3
 Fulminant Prism          Conj/Hex       7%         3d6       41%         4
 Iskenderun's Mystic Bla  Conj/Tloc      14%        2d5       41%         4


Dungeon Overview and Level Annotations

Branches:
Dungeon (4/15)
 Temple: D:4-7

Altars:
Hepliaklqana
Uskayaw


Message History

Press: ? - help, Shift-Dir - straight line, f/p - orc
Aim: an orc, wielding a +0 short sword (severely wounded, 100% to hit)
The magic dart hits the orc!
You kill the orc!
You start resting.
Magic restored.
You see here a +0 short sword.
Casting: Magic Dart (safe; 1% risk of failure)
Confirm with . or Enter, or press ? or * to list all spells.
Aiming: Magic Dart (safe; 1% risk of failure)
Press: ? - help, Shift-Dir - straight line, f - orc priest
Aim: an orc priest, wielding a +0 short sword, wearing a +0 leather armour and carrying a wand of mindburst (14) (wandering, hasn't noticed you, 100% to hit)
The magic dart hits the orc priest but does no damage.
The orc priest shouts!
You hear a shout!
Casting: Magic Dart (safe; 1% risk of failure)
Confirm with . or Enter, or press ? or * to list all spells.
Aiming: Magic Dart (safe; 1% risk of failure)
Press: ? - help, Shift-Dir - straight line, f/p - orc priest
Aim: an orc priest, wielding a +0 short sword, wearing a +0 leather armour and carrying a wand of mindburst (14) (100% to hit)
The magic dart hits the orc priest.
The orc priest is lightly wounded.
A kobold comes into view. It is wielding a +0 short sword.
The orc priest looks satisfied for a moment.
Casting: Magic Dart (safe; 1% risk of failure)
Confirm with . or Enter, or press ? or * to list all spells.
Aiming: Magic Dart (safe; 1% risk of failure)
Press: ? - help, Shift-Dir - straight line, f/p - orc priest
Aim: an orc priest, wielding a +0 short sword, wearing a +0 leather armour and carrying a wand of mindburst (14) (lightly wounded, 100% to hit)
The magic dart hits the orc priest!
The orc priest is severely wounded.
The orc priest zaps a wand.
Your mind is blasted!
The orc priest mumbles some strange prayers to Beogh against you.
Beogh smites you!
The orc priest zaps a wand.
Your mind is blasted!
* * * LOW HITPOINT WARNING * * *
There is a stone staircase leading up here.
You see here a +0 dagger.
The orc priest invokes the aid of Beogh against you.
Pain shoots through your body!
You die...

.......# #......#
#K# #o# #.# #.#
#.######.# #####
#........#
.....######@########
............#....#
##......#.#....#
+......#.#....###
#......#.........+
#......###########
+........ #......##.
######.# ..


You could see an orc priest and a kobold.

Vanquished Creatures
  3 adders
  6 dart slugs
  An orc (D:4)
  5 ball pythons
  7 endoplasms
  3 giant cockroaches
  5 goblins
  4 hobgoblins
  7 quokkas
  7 bats
  12 frilled lizards
  4 kobolds
  5 rats
69 creatures vanquished.

Notes
Turn   | Place    | Note
-------+----------+-------------------------------------------
     0 | D:1      | BaabKaare the Human Conjurer began the quest for the Orb.
     0 | D:1      | Reached XP level 1. HP: 13/13 MP: 3/3
   582 | D:2      | Reached XP level 2. HP: 19/19 MP: 1/5
  1037 | D:2      | Reached XP level 3. HP: 24/24 MP: 1/6
  1843 | D:1      | Reached XP level 4. HP: 30/30 MP: 1/7
  2135 | D:1      | Reached skill level 5 in Conjurations
  2227 | D:1      | Learned a level 2 spell: Searing Ray
  2690 | D:2      | Found a hide-covered altar of Uskayaw.
  2903 | D:3      | Reached XP level 5. HP: 35/35 MP: 4/9
  3210 | D:3      | Identified the +10 war axe of Darkness {flame, rN+ Dex+2}
  3231 | D:3      | Found a hazy altar of Hepliaklqana.
  3340 | D:4      | Killed from afar by an orc priest

Illustrated notes

Levels and vault maps discovered:
D:1:      dpeg_arrival_pits, layout_basic
D:2:      layout_rooms, basic_altar, minmay_lizard_pond
D:3:      layout_basic, mainiacjoe_overflow_surrounded_room,
          gammafunk_ghost_necromancy, chequers_ecumenical_altar_simple_redux
D:4:      dreamdust_elfheim, layout_basic

Skill      XL: |  1  2  3  4 |
---------------+-------------+-----
Conjurations   | 5 |  5.2
Axes           | |  0.1
Dodging        | |  2.3
Stealth        | |  2.3
Unarmed Combat | |  0.1
Spellcasting   | |  2.9

Action                   |  1- 3 |  4- 6 || total
-------------------------+-------+-------++-------
Melee: Unarmed           |     7 |       ||     7
       Club              |     2 |    13 ||    15
       War axe           |       |     4 ||     4
 Cast: Magic Dart        |    80 |    63 ||   143
  Use: Scroll            |       |     6 ||     6
Armor: Robe              |     8 |     3 ||    11
Dodge: Dodged            |    21 |    23 ||    44

Table legend: (Time is in decaauts)
 A = Elapsed time spent in this place.
 B = Non-inter-level travel time spent in this place.
 C = Inter-level travel time spent in this place.
 D = Time resting spent in this place.
 E = Time spent auto-exploring this place.
 F = Levels seen in this place.
 G = Mean time per level.
                   A        B        C        D        E       F      G
               +--------+--------+--------+--------+--------+-----+--------+
         Total |   3350 |   3348 |      2 |   1699 |    590 |   4 |  837.5 |
       Dungeon |   3350 |   3348 |      2 |   1699 |    590 |   4 |  837.5 |
               +--------+--------+--------+--------+--------+-----+--------+

Top non-repeatable levels by time:
     D:1: 1940 daAuts
     D:2: 936 daAuts
     D:3: 398 daAuts
     D:4: 75 daAuts
